 Dungeon Crawl Stone Soup version 0.19.1 (webtiles) character file.

32299 kae the Fencer (level 13, -13/115 HPs)
             Began as a Minotaur Fighter on Dec 11, 2016.
             Was a Believer of Qazlal.
             Mangled by Snorg (25 damage)
             ... on level 4 of the Lair of Beasts.
             The game lasted 00:20:25 (16373 turns).

kae the Fencer (Minotaur Fighter)                  Turns: 16373, Time: 00:20:26

Health: -13/115    AC: 10    Str: 26    XL:     13   Next: 30%
Magic:  20/20      EV: 12    Int:  7    God:    Qazlal [**....]
Gold:   918        SH: 14    Dex: 10    Spells: 0 memorised, 12 levels left

rFire  + . .     SeeInvis .     G - +2 falchion (venom)
rCold  x . .     Gourm    +     b - +1 scale mail
rNeg   + + +     Faith    .     c - +0 shield
rPois  .         Spirit   .     (helmet restricted)
rElec  .         Reflect  .     (no cloak)
rCorr  +         Harm     .     F - +0 pair of gloves of Fedhas's Indignation {MR+ rCorr} (curse)
MR     +....     NoTele   +     (no boots)
Stlth  +.........               w - amulet of the gourmand
                                L - ring of Umoteav {-Tele rF+ rC- rN+++ Stlth+}
                                k - +2 ring of strength

@: slowed, very slow
A: retaliatory headbutt, horns 2
a: Upheaval, Renounce Religion


You were on level 4 of the Lair of Beasts.
You worshipped Qazlal.
Qazlal was pleased with you.
You were completely stuffed.

You visited 2 branches of the dungeon, and saw 14 of its levels.
You also visited: Sewer.

You collected 1118 gold pieces.
You spent 200 gold pieces at shops.

Inventory:

Hand Weapons
 a - a +0 long sword of slicing
 v - a +2 great sword of holy wrath
 G - a +2 falchion of venom (weapon)
Armour
 b - a +1 scale mail (worn)
 c - a +0 shield (worn)
 F - the cursed +0 pair of gloves of Fedhas's Indignation (worn) {MR+ rCorr}
   (You found it on level 9 of the Dungeon)

   It affects your resistance to hostile enchantments.
   It protects you from acid and corrosion.
   It has a curse placed upon it.
Jewellery
 k - a +2 ring of strength (left hand)
 s - an uncursed amulet of harm
 w - an amulet of the gourmand (around neck)
 L - the ring of Umoteav (right hand) {-Tele rF+ rC- rN+++ Stlth+}
   (You found it on level 1 of the Lair of Beasts)

   [ring of protection from fire]

   It protects you from fire.
   It makes you vulnerable to cold.
   It renders you almost immune to negative energy.
   It prevents most forms of teleportation.
   It makes you more stealthy.
Wands
 I - a wand of confusion (27/48)
 P - a wand of disintegration (11/24)
Scrolls
 h - 5 scrolls of teleportation
 m - 3 scrolls of identify
 o - a scroll of summoning
 p - 6 scrolls of recharging
 q - a scroll of fear
 B - 4 scrolls of remove curse
 M - a scroll of fog
Potions
 i - a potion of cure mutation
 j - a potion of agility
 t - 5 potions of curing
 u - a potion of lignification
 x - 4 potions of resistance
 z - 4 potions of flight
 A - 3 potions of brilliance
 E - 2 potions of haste
 H - a potion of cancellation
 K - a potion of might
 N - 2 potions of berserk rage
 Q - a potion of invisibility
Books
 d - a book of Cantrips

   Spells                             Type                      Level
   a - Confusing Touch                Hexes                        1
   b - Animate Skeleton               Necromancy                   1
   c - Summon Small Mammal            Summoning                    1
   d - Apportation                    Translocation                1
 e - a book of Geomancy

   Spells                             Type                      Level
   a - Sandblast                      Earth                        1
   b - Passwall                       Transmutation/Earth          2
   c - Stone Arrow                    Conjuration/Earth            3
   d - Petrify                        Transmutation/Earth          4
   e - Lee's Rapid Deconstruction     Earth                        5
 l - a book of Callings

   Spells                             Type                      Level
   a - Summon Small Mammal            Summoning                    1
   b - Call Imp                       Summoning                    2
   c - Call Canine Familiar           Summoning                    3
   d - Summon Guardian Golem          Hexes/Summoning              3
   e - Summon Lightning Spire         Summoning/Air                4
   f - Summon Ice Beast               Ice/Summoning                4
 n - a book of Debilitation

   Spells                             Type                      Level
   a - Corona                         Hexes                        1
   b - Slow                           Hexes                        2
   c - Gell's Gravitas                Hexes/Translocation          3
   d - Inner Flame                    Hexes/Fire                   3
   e - Cause Fear                     Hexes                        4
   f - Leda's Liquefaction            Hexes/Earth                  4
 y - a book of Maledictions

   Spells                             Type                      Level
   a - Corona                         Hexes                        1
   b - Ensorcelled Hibernation        Hexes/Ice                    2
   c - Confuse                        Hexes                        3
   d - Tukima's Dance                 Hexes                        3
   e - Dazzling Spray                 Conjuration/Hexes            3
 O - a book of Necromancy

   Spells                             Type                      Level
   a - Pain                           Necromancy                   1
   b - Animate Skeleton               Necromancy                   1
   c - Vampiric Draining              Necromancy                   3
   d - Regeneration                   Charms/Necromancy            3
   e - Animate Dead                   Necromancy                   4
   f - Control Undead                 Necromancy                   4
 S - a book of Party Tricks

   Spells                             Type                      Level
   a - Summon Butterflies             Summoning                    1
   b - Apportation                    Translocation                1
   c - Lesser Beckoning               Translocation                3
   d - Tukima's Dance                 Hexes                        3
   e - Alistair's Intoxication        Transmutation/Poison         5
   f - Invisibility                   Hexes                        6
 U - a book of Changes

   Spells                             Type                      Level
   a - Beastly Appendage              Transmutation                1
   b - Sticks to Snakes               Transmutation                2
   c - Spider Form                    Transmutation/Poison         3
   d - Ice Form                       Ice/Transmutation            4
   e - Blade Hands                    Transmutation                5
Comestibles
 f - 12 bread rations
 g - 2 beef jerkies
 r - a royal jelly
 C - a slice of pizza
 D - 5 meat rations
 J - 10 chunks of flesh
 T - 12 fruits


   Skills:
 - Level 10.8 Fighting
 * Level 15.1 Long Blades
 + Level 9.3 Armour
 + Level 8.0 Dodging
 - Level 9.0 Shields
 + Level 11.0 Invocations


You had 12 spell levels left.
You didn't know any spells.

Dungeon Overview and Level Annotations

Branches:
Dungeon (10/15)            Temple (0/1) D:7            Lair (4/6) D:9
 Shoals (0/4) Lair:4       Spider (0/4) Lair:2          Orc (0/2) D:10

Altars:
Ashenzari
Cheibriados
Fedhas
Gozag
Hepliaklqana
Makhleb
Nemelex Xobeh
Okawaru
Qazlal
Trog

Shops:
D:7 *

Annotations:
Lair:4 Snorg, Sonja


Innate Abilities, Weirdness & Mutations

You reflexively headbutt those who attack you in melee.
You have a pair of horns on your head.


Message History

You feel sick.
You block Snorg's attack. x2; Snorg claws you.
* * * LOW HITPOINT WARNING * * *
Sonja shoots a curare-tipped needle.
You block the curare-tipped needle.
You feel very sick. Snorg misses you. Snorg closely misses you.
You block Snorg's attack.
Sonja mumbles some strange words.
Sonja blinks!
You see here 2 curare-tipped needles.
You feel very sick.
You block Snorg's attack. x2; Snorg closely misses you.
Sonja gestures wildly while chanting.
Sonja blinks!
Snorg bites you!
* * * LOW HITPOINT WARNING * * *
Snorg claws you but does no damage. x2
Things that are here:
a curare-tipped needle; a spiny frog corpse You feel better.
Sonja casts a spell.
Sonja blinks!
Snorg bites you!!
You die...

.. #.. #..# #.. #..####
..# ####.##.# ..#
#P.#....# ..
##..P.P..######## .### #
..PP.P....#.##..##.#.#...
...P..P.P.......@ยง......#
........PP...####T.#..#.
P..PP....(P..# #(.#
...P....P....# #..#
P....>...P..## ##.#
..P....P.P..# K#
.....P..PP...# ##
P.........P..#
.PP....P.P...#


You could see Snorg (berserk) and Sonja.

Vanquished Creatures
  Rupert (Lair:3)
  A hydra (D:10)
  2 hill giants (D:10)
  Pikel (D:8)
  A wolf spider (Lair:2)
  A cyclops (D:9)
  A black mamba (Lair:2)
  An elephant (D:8)
  3 spiny frogs
  A rime drake (Lair:2)
  2 centaur skeletons
  3 komodo dragons
  A merfolk (D:9)
  A two-headed ogre (D:10)
  15 blink frogs
  2 slime creatures
  4 hippogriffs
  Prince Ribbit (D:7)
  28 yaks
  5 wyverns
  A basilisk (Lair:3)
  A hungry ghost (D:10)
  Grum (D:8)
  6 water moccasins
  A sky beast (D:10)
  5 orc warriors
  3 porcupines
  3 black bears
  An eye of draining (D:9)
  A hornet zombie (D:9)
  2 ice beasts (D:10)
  2 phantoms
  4 slaves (D:8)
  3 wolves (D:8)
  6 ogres
  12 centaurs
  4 crocodiles
  2 big kobolds
  5 bullfrogs
  A wyvern zombie (D:5)
  5 scorpions
  5 killer bees (D:9)
  7 wights
  11 howler monkeys
  6 crimson imps
  4 jellies
  15 orc wizards
  5 orc priests
  6 hounds
  An iguana (D:9)
  6 worker ants
  A killer bee zombie (D:6)
  A worker ant zombie (D:6)
  Robin (D:3)
  15 gnolls
  A howler monkey skeleton (D:10)
  10 adders
  A river rat (Sewer)
  2 shadow imps
  An ooze (D:7)
  An adder zombie (D:9)
  4 adder skeletons
  5 dart slugs
  5 leopard geckos
  64 orcs
  7 giant cockroaches
  14 goblins
  9 hobgoblins
  19 jackals
  11 kobolds
  4 quokkas
  A ball python (D:3)
  8 bats
  2 frilled lizards (D:1)
  A jackal skeleton (D:9)
  12 rats
  3 fungi
413 creatures vanquished.

Vanquished Creatures (collateral kills)
  A leopard gecko skeleton (D:8)
1 creature vanquished.

Vanquished Creatures (others)
  An orc (D:8)
  A giant cockroach (D:8)
  2 fungi (Lair:3)
  A plant (Lair:3)
5 creatures vanquished.

Grand Total: 419 creatures vanquished

Notes
Turn   | Place    | Note
-------+----------+-------------------------------------------
     0 | D:1      | kae the Minotaur Fighter began the quest for the Orb.
     0 | D:1      | Reached XP level 1. HP: 19/19 MP: 0/0
    50 | D:1      | Reached XP level 2. HP: 20/27 MP: 1/1
   219 | D:1      | Reached skill level 3 in Long Blades
   482 | D:1      | Reached XP level 3. HP: 33/33 MP: 2/2
   519 | D:1      | You fall through a shaft!
   661 | D:2      | Found a faded altar of an unknown god.
   780 | D:2      | Reached skill level 4 in Long Blades
   947 | D:2      | Reached XP level 4. HP: 41/41 MP: 3/3
  1163 | D:2      | Reached skill level 5 in Long Blades
  1519 | D:3      | Found a stormy altar of Qazlal.
  1527 | D:3      | Found a blossoming altar of Fedhas.
  1551 | D:3      | Reached XP level 5. HP: 31/47 MP: 4/4
  1563 | D:3      | Reached skill level 5 in Fighting
  1652 | D:3      | Became a worshipper of Qazlal Stormbringer
  1885 | D:3      | Noticed Robin
  1907 | D:3      | Reached skill level 6 in Long Blades
  1912 | D:3      | Killed Robin
  2239 | D:4      | Reached XP level 6. HP: 35/56 MP: 5/5
  2240 | D:4      | Reached * piety under Qazlal
  2383 | D:4      | Found a hazy altar of Hepliaklqana.
  2445 | D:4      | Reached skill level 1 in Invocations
  2462 | D:4      | Reached skill level 7 in Long Blades
  2476 | D:4      | Noticed a moth of wrath
  2477 | D:4      | Found a glowing drain.
  2501 | Sewer    | Entered a sewer
  2715 | Sewer    | Reached XP level 7. HP: 56/62 MP: 7/7
  2746 | Sewer    | Found a white marble altar of Elyvilon.
  3085 | D:4      | Reached skill level 8 in Long Blades
  3228 | D:4      | Reached ** piety under Qazlal
  3229 | D:4      | Found a bloodstained altar of Trog.
  3387 | D:4      | Noticed a wyvern
  3392 | D:4      | Killed a wyvern
  3552 | D:5      | Entered Level 5 of the Dungeon
  3802 | D:5      | Found a shattered altar of Ashenzari.
  3845 | D:5      | Found a snail-covered altar of Cheibriados.
  3980 | D:5      | Found an iron altar of Okawaru.
  4185 | D:6      | Reached XP level 8. HP: 66/71 MP: 9/9
  4203 | D:6      | Reached skill level 9 in Long Blades
  5745 | D:6      | Reached skill level 10 in Long Blades
  6016 | D:6      | Reached XP level 9. HP: 59/81 MP: 11/11
  6184 | D:6      | Reached skill level 5 in Invocations
  6343 | D:7      | Found a staircase to the Ecumenical Temple.
  6537 | D:7      | Noticed Prince Ribbit
  6554 | D:7      | Reached skill level 11 in Long Blades
  6855 | D:7      | Killed Prince Ribbit
  7198 | D:7      | Reached *** piety under Qazlal
  7326 | D:7      | Reached skill level 12 in Long Blades
  7491 | D:7      | Found Beyghi's Assorted Antiques.
  7506 | D:7      | Bought 2 scrolls labeled PUONLA BIAWAFU for 50 gold pieces
  7506 | D:7      | Bought a scroll of identify for 50 gold pieces
  7506 | D:7      | Bought a scroll of identify for 50 gold pieces
  7506 | D:7      | Bought a scroll of identify for 50 gold pieces
  7611 | D:7      | Found a sparkling altar of Nemelex Xobeh.
  7611 | D:7      | Found an opulent altar of Gozag.
  7707 | D:8      | Found a burning altar of Makhleb.
  7912 | D:8      | Noticed Grum
  7917 | D:8      | Reached XP level 10. HP: 77/91 MP: 13/13
  7931 | D:8      | Killed Grum
  8353 | D:8      | Noticed Pikel
  8365 | D:8      | Killed Pikel
  8432 | D:8      | Reached skill level 10 in Fighting
  8528 | D:8      | Reached skill level 13 in Long Blades
  9142 | D:9      | Noticed a cyclops
  9445 | D:9      | Killed a cyclops
  9489 | D:9      | Noticed an elephant
  9535 | D:8      | Killed an elephant
  9535 | D:8      | Reached skill level 14 in Long Blades
  9730 | D:8      | Reached XP level 11. HP: 101/101 MP: 15/15
  9746 | D:9      | Found a staircase to the Lair.
  9891 | D:9      | Reached XP level 12. HP: 73/108 MP: 17/17
 10203 | D:9      | Reached skill level 5 in Shields
 10360 | D:9      | Got a pair of ichor-stained gloves
 10366 | D:9      | Identified the cursed +0 pair of gloves of Fedhas's Indignation {MR+ rCorr} (You found it on level 9 of the Dungeon)
 10378 | D:10     | Entered Level 10 of the Dungeon
 10793 | D:9      | HP: 1/108 [large slime creature (33)]
 11477 | D:10     | Noticed a six-headed hydra
 12042 | D:10     | Found a staircase to the Orcish Mines.
 12123 | D:10     | Killed a seven-headed hydra
 12647 | D:10     | Reached skill level 10 in Invocations
 13314 | Lair:1   | Entered Level 1 of the Lair of Beasts
 13333 | Lair:1   | Got a shimmering iron ring
 13334 | Lair:1   | Identified the ring of Umoteav {-Tele rF+ rC- rN+++ Stlth+} (You found it on level 1 of the Lair of Beasts)
 13378 | Lair:1   | Found a labyrinth entrance.
 14207 | Lair:2   | Found a hole to the Spider Nest.
 14783 | Lair:2   | Reached XP level 13. HP: 72/115 MP: 20/20
 15216 | Lair:3   | Noticed Rupert
 15242 | Lair:3   | Killed Rupert
 15921 | Lair:3   | Reached skill level 15 in Long Blades
 16231 | Lair:4   | Found a staircase to the Shoals.
 16360 | Lair:4   | Noticed Sonja
 16365 | Lair:4   | Noticed Snorg
 16372 | Lair:4   | HP: 5/115 [Snorg (14)]
 16373 | Lair:4   | Mangled by Snorg

Skill      XL: |  1  2  3  4  5  6  7  8  9 10 11 12 13 |
---------------+----------------------------------------+-----
Fighting       | 4 5 6 8 9 10 | 10.8
Long Blades    | 3 4 5 6 7 8 10 12 14 15 | 15.1
Invocations    | 1 3 4 6 7 8 10 11 | 11.0
Armour         | 8 9 |  9.3
Dodging        | 6 7 8 |  8.0
Shields        | 4 9 |  9.0

Action                   |  1- 3 |  4- 6 |  7- 9 | 10-12 | 13-15 || total
-------------------------+-------+-------+-------+-------+-------++-------
Melee: Long sword        |    79 |   156 |   344 |   508 |       ||  1087
       Headbutt          |    14 |    29 |    65 |   165 |    21 ||   294
       Falchion          |       |       |       |   116 |   123 ||   239
Invok: Upheaval          |       |       |     6 |    25 |     8 ||    39
Evoke: Wand              |       |       |       |       |     2 ||     2
  Use: Potion            |       |     3 |     1 |     5 |     3 ||    12
       Scroll            |       |       |    19 |     5 |     6 ||    30
 Stab: Invisible         |       |     6 |       |       |       ||     6
       Distracted        |       |       |     1 |     1 |       ||     2
  Eat: Chunk             |       |     6 |    17 |    30 |     7 ||    60
       Pizza             |       |       |     1 |       |       ||     1
Armor: Scale mail        |    41 |    52 |   109 |   105 |    13 ||   320
       Skin              |       |       |       |     6 |     2 ||     8
Dodge: Dodged            |    29 |    39 |    86 |   145 |    19 ||   318
Block: Shield            |    52 |   111 |   272 |   342 |    65 ||   842
       Rpst.: Long sword |    11 |     8 |    21 |    25 |       ||    65
       Falchion          |       |       |       |     8 |     5 ||    13
